 Dungeon Crawl Stone Soup version 0.22-a0-430-g6609fc6 (webtiles) character file.

91 Gorglomux the Sneak (level 4, -10/24 HPs)
             Began as a Spriggan Berserker on May 27, 2018.
             Mangled by a polar bear (25 damage)
             ... created by the rage of Trog
             ... on level 3 of the Dungeon.
             The game lasted 00:03:26 (1910 turns).

Gorglomux the Sneak (Spriggan Berserker)            Turns: 1910, Time: 00:03:27

Health: -10/24     AC:  2    Str: 14    XL:     4   Next: 33%
Magic:  5/5        EV: 19    Int:  8    God:
Gold:   99         SH:  0    Dex: 15    Spells: 3/3 levels left

rFire    . . .     SeeInvis +   a - +0 short sword
rCold    . . .     Gourm    .   (shield restricted)
rNeg     . . .     Faith    .   b - +0 animal skin
rPois    .         Spirit   .   (helmet restricted)
rElec    .         Reflect  .   (no cloak)
rCorr    .         Harm     .   (gloves unavailable)
MR       .....                  (boots unavailable)
Stlth    ++........             (no amulet)
HPRegen  0.08/turn              d - ring of loudness (curse)
MPRegen  0.09/turn              (no ring)

@: very quick
A: very small, unfitting armour, see invisible, herbivore, speed 3, slow
metabolism 2
a: no special abilities


You were on level 3 of the Dungeon.
You were not hungry.

You visited 1 branch of the dungeon, and saw 3 of its levels.

You collected 99 gold pieces.

Inventory:

Hand Weapons
 a - a +0 short sword (weapon)
Missiles
 n - 3 tomahawks (quivered)
Armour
 b - a +0 animal skin (worn)
Jewellery
 d - a cursed ring of loudness (left hand)
 q - an uncursed ring of resist corrosion {unknown}
Scrolls
 e - 4 scrolls of identify {unknown}
 f - 2 scrolls of teleportation {unknown}
 g - a scroll of enchant armour {unknown}
 h - 3 scrolls of fog {unknown}
 j - 2 scrolls of remove curse {unknown}
 l - a scroll of blinking {unknown}
 m - a scroll of enchant weapon {unknown}
 o - a scroll of fear {unknown}
 p - 4 scrolls of magic mapping {unknown}
 r - a scroll of random uselessness {unknown}
Potions
 i - 2 potions of heal wounds {unknown}
 k - 2 potions of lignification {unknown}
Comestibles
 c - 6 rations


   Skills:
 + Level 3.4 Fighting
 - Level 3.2 Short Blades
 - Level 4.4 Dodging
 - Level 4.5 Stealth


You had 3 spell levels left.
You didn't know any spells.
Your spell library was empty.

Dungeon Overview and Level Annotations

Branches:
Dungeon (3/15)

Altars:


Innate Abilities, Weirdness & Mutations

You are very small and have problems with some larger weapons.
You are too small for most types of armour.
You have supernaturally acute eyesight. (SInv)
You are a herbivore.
You cover ground extremely quickly.
You need to consume almost no food.


Message History

You closely miss the leopard gecko!
The leopard gecko is heavily wounded!
The leopard gecko misses you!
You butt-ly miss the leopard gecko!
The leopard gecko is heavily wounded!
The leopard gecko closely misses you!
You spit the leopard gecko like a pig!
You annihilate the leopard gecko!!!
No target in view!!!
No target in view!!!
You start resting!
Trog sends monsters to punish you! 3 polar bears and 2 black bears come into view!
The polar bear moves out of view!
Butt 5 gold pieces!
The polar bear rages!
You hear an angry growl!
The polar butt bites you!!!!!!
DANG rip

####........#
#....##.##..##.... #........##
#....# ##...#hh..
#####.....###....##.##.#.#.hh.
#.....'.hhh......#.#..###r
#.....###....#####.##.# #.
##.....# #h...# #.##.. #r
#......# #....# #.###.##.
#...#### #.h>.# #. .##. ###
#...# #@...# .##. ..# #...#
#....# ..#. #.# #...#
###...... #.#. #.# #...#
...... #.#####...# ....$.
#.........# ...... ###.....###
..... #.....###### ####
#####......#


You could see 3 polar bears and 2 black bears.

Vanquished Creatures
  3 adders (D:3)
  An ooze (D:3)
  A worm (D:3)
  A leopard gecko (D:3)
  An orc (D:3)
  12 bats
  2 giant cockroaches
  7 goblins
  6 hobgoblins
  4 kobolds
  A ball python (D:1)
  2 frilled lizards
  14 rats
55 creatures vanquished.

Notes
Turn   | Place    | Note
-------+----------+-------------------------------------------
     0 | D:1      | Gorglomux the Spriggan Berserker began the quest for the Orb.
     0 | D:1      | Reached XP level 1. HP: 11/11 MP: 2/2
     0 | D:1      | Fell from the grace of Trog
    31 | D:1      | Reached skill level 1 in Stealth
   122 | D:1      | Reached XP level 2. HP: 16/16 MP: 3/3
   124 | D:1      | Reached skill level 3 in Stealth
   605 | D:2      | Reached XP level 3. HP: 17/19 MP: 4/4
   980 | D:3      | Noticed a polar bear
   980 | D:3      | Noticed a polar bear
   980 | D:3      | Noticed a polar bear
   980 | D:3      | Noticed a black bear
  1533 | D:3      | Reached skill level 3 in Fighting
  1753 | D:3      | Reached XP level 4. HP: 24/24 MP: 5/5
  1907 | D:3      | Noticed a polar bear
  1907 | D:3      | Noticed a polar bear
  1907 | D:3      | Noticed a black bear
  1907 | D:3      | Noticed a black bear
  1907 | D:3      | Noticed a polar bear
  1910 | D:3      | Mangled by a polar bear

Vault maps used:
D:1:      nicolae_arrival_washed_ashore
D:2:      first_ration
D:3:      minmay_misc_feat_rows, palyth_stone_intersect

Skill      XL: |  1  2  3 |
---------------+----------+-----
Stealth        | 2 4 |  4.5
Fighting       | 3 |  3.4
Short Blades   | |  3.2
Dodging        | |  4.4

Action                   |  1- 3 |  4- 6 || total
-------------------------+-------+-------++-------
Melee: Short sword       |   159 |    40 ||   199
Throw: Tomahawk          |     3 |       ||     3
Invok: Renounce Religion |     1 |       ||     1
 Stab: Sleeping          |     3 |       ||     3
Armor: Animal skin       |    14 |     4 ||    18
Dodge: Dodged            |   194 |    27 ||   221

Table legend:
 A = Spawn XP
 B = Non-spawn XP
 C = Spawn XP percentage of total XP
 D = Spawn monster count
 E = Non-spawn monster count
 F = Spawn count percentage of total count
 G = Total turns spent on level
                    A         B        C        D         E        F      G
               +---------+---------+-------+---------+---------+-------+---------
         Total |       0 |     130 |   0.0 |       0 |      55 |   0.0 |  1910
               +---------+---------+-------+---------+---------+-------+---------
           D:1 |       0 |      30 |   0.0 |       0 |      19 |   0.0 |   407
           D:2 |       0 |      18 |   0.0 |       0 |      14 |   0.0 |   739
           D:3 |       0 |      82 |   0.0 |       0 |      22 |   0.0 |   764
               +---------+---------+-------+---------+---------+-------+---------
